 Dungeon Crawl Stone Soup version 0.16.2-3-ga078185 (webtiles) character file.

3154 dvd the Covert (level 9, 0/37 HPs)
             Began as a Felid Enchanter on Sept 9, 2015.
             Was a Believer of Fedhas.
             Killed from afar by Erica (8 damage)
             ... with a bolt of poison
             ... on level 1 of the Lair of Beasts.
             The game lasted 01:11:00 (12243 turns).

dvd the Covert (Felid Enchanter)                   Turns: 12243, Time: 01:11:00

Health: 0/37       AC:  2    Str:  4    XL:     9   Next: 62%
Magic:  19/27      EV: 21    Int: 20    God:    Fedhas [**....]
Gold:   359        SH:  0    Dex: 16    Spells: 4 memorised, 11 levels left
                                        Lives:  0   Deaths: 2

rFire  . . .     SeeInvis +       - Unarmed
rCold  . . .     Clarity  .     (armour unavailable)
rNeg   . . .     SustAb   .     (shield unavailable)
rPois  .         Gourm    .     (helmet unavailable)
rElec  .         Spirit   .     (cloak unavailable)
rCorr  .         Warding  .     (gloves unavailable)
rMut   .         Stasis   .     (boots unavailable)
MR     ++...                    (no amulet)
Stlth  +++++++...               (no ring)
                                v - ring of protection from magic

@: lethally poisoned (0 -> -10), quick, very resistant to hostile enchantments,
extremely stealthy
A: paw claws, no armour, no weapons or thrown items, fangs 3, see invisible,
carnivore 3, speed 1, shaggy fur 2, slow metabolism 1, sharp paws
a: Evolution, Sunlight, Renounce Religion


You were on level 1 of the Lair of Beasts.
You worshipped Fedhas.
Fedhas was pleased with you.
You were not hungry.

You visited 3 branches of the dungeon, and saw 10 of its levels.

You collected 359 gold pieces.

Inventory:

Jewellery
 v - a ring of protection from magic (left paw)
Magical devices
 i - a wand of disintegration (19)
 m - a wand of random effects (30)
 t - a wand of draining (3)
Scrolls
 a - 3 scrolls of amnesia
 e - 3 scrolls of fog
 f - a scroll of identify
 j - a scroll of immolation
 l - 2 scrolls of recharging
 n - 3 scrolls of remove curse
 p - a scroll of blinking
 r - a scroll of magic mapping {unknown}
Potions
 k - 2 potions of invisibility
 q - 2 potions of flight
 s - a potion of resistance
 u - a potion of restore abilities
Books
 c - a book of Maledictions

   Spells                             Type                      Level
   a - Corona                         Hexes                        1
   b - Sure Blade                     Hexes/Charms                 2
   c - Ensorcelled Hibernation        Hexes/Ice                    2
   d - Confuse                        Hexes                        3
   e - Dazzling Spray                 Conjuration/Hexes            3
   f - Enslavement                    Hexes                        4
Comestibles
 b - 3 beef jerkies
 d - 6 meat rations
 h - 8 slices of pizza


   Skills:
 + Level 2.4 Fighting
 + Level 5.8 Dodging
 + Level 12.8 Stealth
 + Level 3.8 Unarmed Combat
 + Level 7.7 Spellcasting
 + Level 10.1 Hexes
 + Level 4.3 Ice Magic
 + Level 0.6 Invocations
 + Level 1.0 Evocations


You had 11 spell levels left.
You knew the following spells:

 Your Spells              Type           Power        Failure   Level  Hunger
a - Enslavement           Hex            #####...     1%          4    ###....
b - Ensorcelled Hibernat  Hex/Ice        #####.       1%          2    None
c - Confuse               Hex            #####...     1%          3    None
d - Dazzling Spray        Conj/Hex       ####....     3%          3    None


Dungeon Overview and Level Annotations

Branches:
Dungeon (8/15)             Temple (1/1) D:4            Lair (1/8) D:8

Altars:
Ashenzari
Cheibriados
Dithmenos
Elyvilon
Fedhas
Gozag
Kikubaaqudgha
Makhleb
Nemelex Xobeh
Okawaru
Qazlal
Ru
Sif Muna
Trog
Vehumet
Xom
Yredelemnul
Zin
The Shining One

Annotations:
D:7 North's ghost, experienced GrFi
Lair:1 Erica


Innate Abilities, Weirdness & Mutations

You cannot wear armour.
You are incapable of wielding weapons or throwing items.
You have razor-sharp teeth.
You have supernaturally acute eyesight.
You are carnivorous and can eat meat at any time.
You cover ground quickly.
You are covered in thick fur (AC +2).
You have a slow metabolism.
Your paws have sharp claws that are effective at stabbing.


Message History

The orb of energy explodes!
The mystic blast hits your wandering mushroom.
The mystic blast hits you!
* * * LOW HITPOINT WARNING * * *
Evoke which item? (* to show all) (? for menu, Esc to quit)
Zapping:
t - a wand of draining {zapped: 1} (will waste charges)
Press: ? - help, Shift-Dir - straight line, f/p - Erica
Aim: Erica, wielding a scimitar of flaming and wearing a robe (slightly transparent)
The bolt of negative energy misses Erica.
Evoking this partially-identified wand wasted a few charges.
Your wandering mushroom misses Erica.
Read which item? (? for menu, Esc to quit)
Identify which item? (\ to view known items) (? for menu, Esc to quit)
As you read the scroll of identify, it crumbles to dust.
t - a wand of draining (3) Erica points at you and mumbles some strange words.
The bolt of poison hits you!
You are lethally poisoned!
You die...
Fedhas appreciates your contribution to the ecosystem.

# #### ### ### ##
..########(.######.#####.####.##
..>............................#
................................#
.................................
.............@..@...............#
............f............>.....#
............÷f.................#
#############..########.#..÷...#
#### ###.>....# #....<.# #......#
#...÷..# #......#


You could see Erica (invisible) and 2 friendly wandering mushrooms.

Vanquished Creatures
  A black mamba (Lair:1)
  A komodo dragon (Lair:1)
  A yak (Lair:1)
  A human (D:8)
  A hog (D:8)
  4 hippogriffs
  3 wolves (Lair:1)
  A water moccasin (D:8)
  3 sky beasts
  4 orc warriors
  An ice beast (D:8)
  2 phantoms
  2 ogres
  A wasp (D:6)
  3 centaurs
  A big kobold (D:7)
  3 giant frogs
  6 scorpions
  2 crimson imps (D:6)
  A giant frog zombie (D:7)
  3 orc priests
  A jelly (D:6)
  4 hounds
  An iguana (D:6)
  10 orc wizards
  6 worker ants
  3 sheep (D:8)
  A hound skeleton (D:4)
  7 adders
  2 worker ant zombies
  2 shadow imps
  3 giant mites
  2 worms
  An adder zombie (D:5)
  2 adder skeletons
  4 giant geckos
  An ooze (D:2)
  32 orcs
  2 ball pythons
  14 bats
  A bat skeleton (D:7)
  9 goblins
  17 hobgoblins
  4 jackals (D:3)
  8 quokkas
  11 giant cockroaches
  A giant gecko skeleton (D:6)
  5 giant newts
  11 kobolds
  9 rats
219 creatures vanquished.

Vanquished Creatures (collateral kills)
  5 yaks (Lair:1)
  A water moccasin (Lair:1)
  4 wolves (Lair:1)
  A porcupine (Lair:1)
  A hound (D:6)
  A wandering mushroom (Lair:1)
  2 orcs (D:6)
  A bat (D:8)
  A kobold (D:7)
17 creatures vanquished.

Vanquished Creatures (others)
  A spiny frog (Lair:1)
  2 wandering mushrooms
  A crimson imp (D:8)
  2 fungi (Lair:1)
  93 toadstools
99 creatures vanquished.

Grand Total: 335 creatures vanquished

Notes
Turn   | Place    | Note
--------------------------------------------------------------
     0 | D:1      | dvd, the Felid Enchanter, began the quest for the Orb.
     0 | D:1      | Reached XP level 1. HP: 7/7 MP: 4/4
   961 | D:1      | Reached XP level 2. HP: 6/11 MP: 3/5
   972 | D:1      | Learned a level 2 spell: Ensorcelled Hibernation
  1916 | D:2      | Reached XP level 3. HP: 7/14 MP: 0/8
  2347 | D:2      | Learned a level 3 spell: Confuse
  2801 | D:3      | Found a blossoming altar of Fedhas.
  2801 | D:3      | Found an ancient bone altar of Kikubaaqudgha.
  2865 | D:3      | Reached skill level 5 in Stealth
  2941 | D:3      | Reached skill level 5 in Hexes
  3482 | D:3      | Reached XP level 4. HP: 18/18 MP: 8/11
  3592 | D:3      | Found a glowing golden altar of the Shining One.
  3593 | D:3      | Found an iron altar of Okawaru.
  3715 | D:3      | Reached skill level 1 in Ice Magic
  4004 | D:3      | Reached XP level 5. HP: 21/21 MP: 5/12
  4557 | D:4      | Reached skill level 6 in Stealth
  4877 | D:4      | Found a staircase to the Ecumenical Temple.
  4889 | Temple   | Entered the Ecumenical Temple
  5017 | D:4      | Noticed a phantom
  5019 | D:4      | Gained mutation: You are covered in thick fur (AC +2). [growing up]
  5019 | D:4      | Reached XP level 6. HP: 25/25 MP: 14/17
  5043 | D:4      | Killed a phantom
  5276 | D:3      | Became a worshipper of Fedhas Madash
  5517 | D:5      | Entered Level 5 of the Dungeon
  5721 | D:5      | Reached skill level 7 in Stealth
  6216 | D:5      | Reached XP level 7. HP: 28/28 MP: 14/19
  6858 | D:4      | Learned a level 4 spell: Enslavement
  7049 | D:4      | Reached skill level 1 in Fighting
  7450 | D:4      | Acquired Fedhas' first power
  7605 | D:5      | Reached skill level 8 in Stealth
  7651 | D:5      | Found a bloodstained altar of Trog.
  7767 | D:5      | Found a sacrificial altar of Ru.
  7798 | D:5      | Reached XP level 8. HP: 21/32 MP: 5/21
  8265 | D:6      | Acquired Fedhas' second power
  8478 | D:6      | Reached skill level 5 in Spellcasting
  8666 | D:6      | Reached skill level 9 in Stealth
  9533 | D:7      | Reached skill level 10 in Stealth
  9551 | D:7      | Noticed North's ghost (experienced GrFi)
  9580 | D:7      | Slain by North's ghost
  9581 | D:7      | Reached XP level 7. HP: -1/28 MP: 15/22
  9611 | D:6      | Reached XP level 8. HP: 32/32 MP: 20/23
  9631 | D:6      | Learned a level 3 spell: Dazzling Spray
  9792 | D:7      | Reached skill level 1 in Evocations
 10502 | D:8      | Reached skill level 11 in Stealth
 10739 | D:8      | Found a staircase to the Lair.
 10874 | D:8      | Reached XP level 9. HP: 32/36 MP: 15/25
 11279 | Lair:1   | Entered Level 1 of the Lair of Beasts
 11279 | Lair:1   | Noticed a black mamba
 11281 | Lair:1   | Killed a black mamba
 11281 | Lair:1   | Reached skill level 12 in Stealth
 11299 | Lair:1   | Noticed a spiny frog
 11322 | Lair:1   | Reached skill level 5 in Dodging
 11541 | Lair:1   | Noticed a komodo dragon
 11562 | Lair:1   | Demolished by a komodo dragon
 11563 | Lair:1   | Reached XP level 8. HP: -15/33 MP: 21/25
 11887 | Lair:1   | Reached XP level 9. HP: 25/37 MP: 22/27
 11975 | Lair:1   | Noticed a komodo dragon
 11982 | Lair:1   | a spiny frog (ally) was killed
 12003 | Lair:1   | Killed a komodo dragon
 12003 | Lair:1   | Reached skill level 10 in Hexes
 12208 | Lair:1   | Noticed Erica
 12243 | Lair:1   | Killed from afar by Erica

Action                   |  1- 3 |  4- 6 |  7- 9 || total
-------------------------+-------+-------+-------++-------
Melee: Unarmed           |    72 |   106 |   255 ||   433
 Cast: Corona            |    12 |       |       ||    12
       Ensorcelled Hiber |    32 |    64 |   119 ||   215
       Confuse           |     1 |    11 |    50 ||    62
       Enslavement       |       |       |    11 ||    11
Invok: Evolution         |       |       |     5 ||     5
       Sunlight          |       |       |     1 ||     1
Evoke: Wand              |     1 |       |     4 ||     5
  Use: Potion            |     2 |       |     2 ||     4
       Scroll            |       |       |    18 ||    18
 Stab: Sleeping          |    22 |    51 |   101 ||   174
       Confused          |       |     9 |    24 ||    33
       Distracted        |       |       |     1 ||     1
  Eat: Chunk             |    14 |     8 |    19 ||    41
